 Dungeon Crawl Stone Soup version 0.31-a0-1066-g35875b34c7 (webtiles) character file.

Game seed: 11331454268704985932

47170 Chiseanne the Warrior (level 14, -12/123 HPs)
             Began as a Demonspawn Wanderer on Nov 21, 2023.
             Was an Initiate of Gozag.
             Mangled by a phantasmal warrior (23 damage)
             ... led by a death knight
             ... on level 14 of the Dungeon on Nov 22, 2023.
             The game lasted 00:57:22 (23343 turns).

Chiseanne the Warrior (Demonspawn Wanderer)        Turns: 23343, Time: 00:57:23

Health: -12/123    AC: 27    Str: 14    XL:     14   Next: 7%
Magic:  12/15      EV: 38    Int: 14    God:    Gozag
Gold:   990        SH:  0    Dex: 16    Spells: 15/15 levels left

rFire   . . .        s - +5 spear (venom)
rCold   + + .        (no shield)
rNeg    . . .        h - +5 scale mail "Tanual" {rElec rC++}
rPois   .            J - +2 hat
rElec   +            e - +0 cloak
rCorr   .            K - +2 pair of gloves {infuse}
SInv    .            w - +0 pair of boots
Will    .....        d - amulet of the acrobat
Stlth   +            B - +5 ring of evasion
HPRegen 0.40/turn    G - ring "Manuut" {AC+4 Stlth+}
MPRegen 0.14/turn

%: acrobat, infuse magic (1 MP)
@: about to teleport, weak-willed, acrobatic
A: hooves 1, repulsion field 2, spiny 2
a: Renounce Religion, Potion Petition, Call Merchant, Bribe Branch


You were on level 14 of the Dungeon.
You worshipped Gozag.
Gozag was pleased with you.
You visited 4 branches of the dungeon, and saw 19 of its levels.
You also visited: Sewer.

You collected 4688 gold pieces.
You spent 2027 gold pieces at shops.
You paid 1671 gold pieces to Gozag.

Inventory:

Hand Weapons
 a - the +5 mace "Zuiprarid" {pain, Str+6}
   (You found it on level 3 of the Dungeon)

   Str+6:     It affects your strength (+6).
 c - a +2 broad axe
 s - a +5 spear of venom (weapon)
 y - a +0 whip of electrocution
Missiles
 n - 46 poisoned darts (quivered)
 q - 15 javelins
 I - 2 darts of dispersal
 M - 10 boomerangs
 P - 6 atropa-tipped darts
Armour
 b - a +0 crystal plate armour
 e - a +0 cloak (worn)
 h - the +5 scale mail "Tanual" (worn) {rElec rC++}
   (You bought it in a shop on level 2 of the Orcish Mines)

   rC++:      It greatly protects you from cold.
   rElec:     It insulates you from electricity.
 j - an orb of wrath
 r - a +1 chain mail of fire resistance
 u - a +2 ring mail of positive energy
 w - a +0 pair of boots (worn)
 E - an orb of energy
 J - a +2 hat (worn)
 K - a +2 pair of gloves of infusion (worn)
 N - the +7 chain mail "Aromiose" {-Cast rPois Will+ Str+5}
   (You found it on level 13 of the Dungeon)

   Str+5:     It affects your strength (+5).
   rPois:     It protects you from poison Will+: It increases your willpower.
   -Cast:     It prevents spellcasting.
Jewellery
 d - an amulet of the acrobat (around neck)
 B - a +5 ring of evasion (left hand)
 G - the ring "Manuut" (right hand) {AC+4 Stlth+}
   (You bought it in a shop on level 8 of the Dungeon)

   [ring of protection]

   AC+4:      It affects your AC (+4).
   Stlth+:    It makes you more stealthy.
Wands
 t - a wand of digging (5)
 A - a wand of flame (19)
Scrolls
 f - 5 scrolls of teleportation
 g - a scroll of acquirement {unknown}
 k - 3 scrolls of identify
 o - 3 scrolls of revelation
 p - a scroll of enchant weapon
 C - 5 scrolls of fog
 H - 2 scrolls of amnesia
 O - a scroll of immolation
Potions
 i - 7 potions of curing
 x - 5 potions of brilliance
 z - a potion of ambrosia
 L - 2 potions of enlightenment
 R - a potion of cancellation


   Skills:
 * Level 15.5 Fighting
 - Level 4.5 Long Blades
 * Level 12.7 Armour
 * Level 12.7 Dodging
 - Level 1.0 Spellcasting
 - Level 2.0 Summonings


You had 15 spell levels left.
You didn't know any spells.
Your spell library contained the following spells:

 Spells                   Type           Power      Damage    Failure   Level
 Summon Small Mammal      Summ           24%        N/A       32%         1
 Kiss of Death            Conj/Necr      0%         2d5       58%         1
 Slow                     Hex            0%         N/A       58%         1
 Lesser Beckoning         Tloc           0%         N/A       75%         2
 Summon Guardian Golem    Hex/Summ       3%         N/A       83%         3
 Confusing Touch          Hex            0%         N/A       92%         3
 Frozen Ramparts          Ice            0%         1d1       92%         3
 Gell's Gravitas          Tloc           0%         N/A       92%         3
 Sigil of Binding         Hex            0%         N/A       92%         3
 Teleport Other           Tloc           0%         N/A       92%         3
 Vampiric Draining        Necr           0%         2d6       92%         3
 Dispel Undead            Necr           0%         3d6       100%        4
 Petrify                  Tmut/Erth      0%         N/A       100%        4
 Vhi's Electric Charge    Tloc/Air       0%         N/A       100%        4
 Arcjolt                  Conj/Air       0%         1d10      100%        5
 Iskenderun's Battlesphe  Conj           0%         2d6       100%        5
 Metabolic Englaciation   Hex/Ice        0%         N/A       100%        5
 Bombard                  Conj/Erth      0%         9d1       100%        6
 Orb of Destruction       Conj           0%         9d5       100%        7
 Spellforged Servitor     Conj/Summ      1%         N/A       100%        7
 Maxwell's Capacitive Co  Air            0%         ∞         100%        8


Dungeon Overview and Level Annotations

Branches:
Dungeon (15/15)            Temple (0/1) D:7            Lair (1/5) D:10
    Orc (2/2) D:12            Elf (1/3) Orc:2        Vaults (0/5) D:14
  Sewer (visited)
 Depths: D:15

Altars:
Gozag
Kikubaaqudgha
Makhleb
Ru
Xom
Yredelemnul

Shops:
D:5 *   D:6 (   D:7 *(   D:8 =   D:9 :   D:11 [   D:15 [   Orc:2 [[**

Portals:
Trove: D:13 (give +6 demon trident)

Annotations:
D:7 exclusion: door
Orc:2 exclusion: 2 upstairs


Innate Abilities, Weirdness & Mutations

You have large cloven feet.
You are surrounded by a moderate repulsion field. (EV +3)
You are mostly covered in sharp spines.


Message History

The death knight attacks as it pursues you!
The death knight is struck by your spines.
The death knight completely misses you.
The phantasmal warrior completely misses you.
The phantasmal warrior is struck by your spines.
The phantasmal warrior hits you but does no damage.
The phantasmal warrior gestures at you.
The phantasmal warrior blinks!
You puncture the death knight!
The death knight is severely wounded.
The death knight mumbles some strange prayers to Yredelemnul against you.
Your body is wracked with pain!
* * * LOW HITPOINT WARNING * * *
The phantasmal warrior hits you but does no damage.
As you read the scroll of fear, it crumbles to dust.
You assume a fearsome visage.
The death knight looks frightened!
The phantasmal warrior is unaffected. x2
The phantasmal warrior completely misses you.
As you read the scroll of teleportation, it crumbles to dust.
You feel strangely unstable.
The phantasmal warrior hits you but does no damage.
The phantasmal warrior is struck by your spines.
The phantasmal warrior hits you!
* * * LOW HITPOINT WARNING * * *
The phantasmal warrior misses you.
The phantasmal warrior is struck by your spines.
The phantasmal warrior misses you. The phantasmal warrior gestures at you.
The phantasmal warrior blinks!
The phantasmal warrior hits you!
* * * LOW HITPOINT WARNING * * *
Your willpower is stripped away!
The phantasmal warrior is struck by your spines.
The phantasmal warrior misses you. The phantasmal warrior gestures at you.
The phantasmal warrior blinks!
The phantasmal warrior completely misses you.
The phantasmal warrior hits you!!
You die...
Your body crumbles into a pile of gold.

........# ##.#.#.......#§#...§.
..############...§.§...§.§§..≈..§
.............##§§.§§.#...§§§...#.
...###...###......§≈...≈..§..≈...
...# #...# #.###.#.p.#...#§#§...#
...###...###.###..§.####.....##..
.............§......#######..####
.............<#W##..........## #
.............>.#@################
#..###...###.W###WW...p..........
#..# #...# #...#.################
#..###...###...W##
#.............### #.........#####
#.######### #.# ..#


You could see a death knight (fleeing, very poisoned) and 3 phantasmal warriors.

Vanquished Creatures
  Snorg (D:12)
  A hydra (D:14)
  2 centaur warriors
  An ogre mage (D:14)
  A dancing weapon (Elf:1)
  A boulder beetle (D:14)
  6 two-headed ogres
  3 tengu warriors
  3 orc high priests
  4 skeletal warriors
  3 deep elf zephyrmancers (Elf:1)
  7 orc knights
  A deep elf archer (Elf:1)
  6 orc sorcerers
  17 ugly things
  4 manticores
  2 gargoyles
  Jeremiah (D:8)
  2 tengu conjurers
  3 trolls
  3 meliai (D:14)
  3 shadows (D:13)
  6 slime creatures
  A vampire (D:10)
  2 wyverns
  3 wraiths
  2 ynoxinuls (D:12)
  A fire elemental (D:14)
  27 yaks
  Grum (D:8)
  2 steam dragons
  2 basilisks (D:15)
  3 wargs
  2 acid dragons (D:10)
  A water moccasin (D:6)
  24 orc warriors
  3 black bears
  5 sky beasts
  An ice beast (D:6)
  3 wolves (D:8)
  8 ogres
  4 boggarts (D:15)
  3 centaurs
  5 kobold brigands
  A bullfrog (D:8)
  4 scorpions
  A gnoll sergeant (D:11)
  11 wights
  4 killer bees (D:10)
  2 howler monkeys
  An electric eel (D:12)
  22 orc priests
  3 gnoll boudas
  3 iguanas
  3 jellies
  23 orc wizards
  20 gnolls
  9 adders
  2 river rats (Sewer)
  2 white imps
  12 ufetubi
  5 worms
  5 dart slugs
  78 orcs
  4 bats
  A bat zombie (D:10)
  3 endoplasms
  6 giant cockroaches
  6 goblins
  5 hobgoblins
  6 jackals
  27 kobolds
  3 quokkas
  5 ball pythons
  4 frilled lizards
  5 rats
  A rat zombie (D:10)
471 creatures vanquished.

Notes
Turn   | Place    | Note
-------+----------+-------------------------------------------
     0 | D:1      | Chiseanne the Demonspawn Wanderer began the quest for the
                  | Orb.
     0 | D:1      | Chiseanne set off with the following items: a +3 falchion,
                  | a potion of might, a +0 leather armour; and the following
                  | spell memorised: Summon Small Mammal; and the following
                  | spells available to memorise: Summon Guardian Golem.
     0 | D:1      | Reached XP level 1. HP: 16/16 MP: 2/2
   213 | D:1      | Gained mutation: You have large cloven feet. [demonic
                  | ancestry]
   213 | D:1      | Reached XP level 2. HP: 23/23 MP: 3/3
   470 | D:1      | Reached skill level 3 in Fighting
   977 | D:2      | You fall into a shaft and drop 1 floor!
   981 | D:3      | Identified the +5 mace "Zuiprarid" {pain, Str+6}
  1233 | D:3      | Gained mutation: You are surrounded by a mild repulsion
                  | field. (EV +2) [demonic ancestry]
  1233 | D:3      | Reached XP level 3. HP: 29/29 MP: 4/4
  1323 | D:2      | Reached skill level 4 in Fighting
  1651 | D:2      | Gained mutation: You are partially covered in sharp spines.
                  | [demonic ancestry]
  1651 | D:2      | Reached XP level 4. HP: 34/38 MP: 5/5
  2655 | D:4      | Found an opulent altar of Gozag.
  2661 | D:4      | Became a worshipper of Gozag Ym Sagoz the Greedy
  2734 | D:4      | Noticed a scorpion
  2742 | D:4      | Reached skill level 5 in Fighting
  2807 | D:3      | Reached XP level 5. HP: 23/44 MP: 6/6
  2931 | D:3      | Reached skill level 6 in Fighting
  2948 | D:3      | Chiseanne: what an antiplayer biased bullshit you fukers
  3259 | D:4      | Reached XP level 6. HP: 40/53 MP: 7/7
  3581 | D:5      | Entered Level 5 of the Dungeon
  3596 | D:4      | Reached skill level 7 in Fighting
  3920 | D:5      | Reached skill level 1 in Armour
  3955 | D:5      | Reached skill level 1 in Dodging
  3967 | D:5      | Gained mutation: You are surrounded by a moderate repulsion
                  | field. (EV +3) [demonic ancestry]
  3967 | D:5      | Reached XP level 7. HP: 60/60 MP: 8/8
  4162 | D:5      | Found Jiech's General Store.
  4297 | D:5      | Bought a potion of heal wounds for 75 gold pieces
  4364 | D:5      | Found a burning altar of Makhleb.
  4708 | D:6      | Reached skill level 8 in Fighting
  4759 | D:6      | Gained mutation: You are mostly covered in sharp spines.
                  | [demonic ancestry]
  4759 | D:6      | Reached XP level 8. HP: 67/68 MP: 9/9
  4793 | D:6      | Found a glowing drain.
  4821 | Sewer    | Entered a sewer
  5611 | D:6      | Found Kuthicob's Weapon Emporium.
  5719 | D:6      | Reached skill level 9 in Fighting
  5951 | D:6      | Reached XP level 9. HP: 40/76 MP: 10/10
  6143 | D:7      | Reached skill level 5 in Armour
  6143 | D:7      | Reached skill level 5 in Dodging
  6207 | D:7      | Found a staircase to the Ecumenical Temple.
  6210 | D:7      | Found Yciew's Assorted Antiques.
  6221 | D:7      | Bought a potion of heal wounds for 140 gold pieces
  6568 | D:7      | Found Miad's Weapon Boutique.
  6633 | D:7      | Found a shimmering altar of Xom.
  7283 | D:8      | Noticed Jeremiah
  7300 | D:8      | Killed Jeremiah
  7301 | D:8      | Reached skill level 10 in Fighting
  7335 | D:8      | Noticed Grum
  7347 | D:8      | Killed Grum
  7357 | D:8      | Reached XP level 10. HP: 41/81 MP: 11/11
  8225 | D:9      | Found Fuoc's Tiny Tomes.
  8679 | D:9      | Reached skill level 11 in Fighting
  8911 | D:8      | Bought the ring "Manuut" {AC+4 Stlth+} for 549 gold pieces
  9185 | D:10     | Entered Level 10 of the Dungeon
  9703 | D:10     | Found a staircase to the Lair.
  9997 | D:10     | Found an ancient bone altar of Kikubaaqudgha.
 10067 | D:10     | Found a basalt altar of Yredelemnul.
 10069 | D:10     | Noticed a profane servitor
 10075 | D:10     | Noticed an angel
 10132 | D:10     | Reached XP level 11. HP: 83/94 MP: 12/12
 10354 | D:11     | Noticed a two-headed ogre
 10444 | D:11     | Noticed a two-headed ogre
 10457 | D:11     | Killed a two-headed ogre
 10508 | D:11     | Killed a two-headed ogre
 10509 | D:11     | Reached skill level 12 in Fighting
 10536 | D:11     | Found Vuxkuuf's Armour Emporium.
 10539 | D:11     | Bought a +2 hat for 224 gold pieces
 10539 | D:11     | Bought a +2 pair of gloves of infusion for 301 gold pieces
 10928 | D:12     | Noticed a two-headed ogre
 10928 | D:12     | Noticed a two-headed ogre
 10928 | D:12     | Noticed a brown ugly thing
 11007 | D:12     | Found a staircase to the Orcish Mines.
 11269 | D:12     | Noticed Snorg
 11291 | D:12     | Killed Snorg
 11452 | D:11     | Killed a brown ugly thing
 11742 | D:12     | Killed a two-headed ogre
 11828 | D:12     | Killed a two-headed ogre
 11887 | D:12     | Reached XP level 12. HP: 83/103 MP: 8/13
 12305 | D:13     | Identified the +7 chain mail "Aromiose" {-Cast rPois Will+
                  | Str+5}
 12490 | D:13     | Noticed a tengu warrior
 12508 | D:13     | Killed a tengu warrior
 12509 | D:13     | Reached skill level 13 in Fighting
 12639 | D:13     | Reached skill level 10 in Armour
 12639 | D:13     | Reached skill level 10 in Dodging
 12925 | D:13     | Noticed a centaur warrior
 12993 | D:13     | Killed a centaur warrior
 13178 | D:13     | Found a portal to a secret trove of treasure.
 14045 | D:14     | Noticed an eight-headed hydra
 14055 | D:14     | Killed an eight-headed hydra
 14256 | D:14     | Noticed a centaur warrior
 14263 | D:14     | Killed a centaur warrior
 14482 | D:14     | Found a sacrificial altar of Ru.
 14652 | D:14     | Noticed a two-headed ogre
 14666 | D:14     | Killed a two-headed ogre
 14693 | D:14     | Found a gate to the Vaults.
 15135 | D:14     | Noticed an ogre mage
 15148 | D:14     | Killed an ogre mage
 15622 | D:14     | Noticed a two-headed ogre
 15627 | D:14     | HP: 1/106 [skeletal warrior/+0 trident (9)]
 15628 | D:14     | Chiseanne: you stupid fuckers
 15630 | D:14     | Reached skill level 14 in Fighting
 15632 | D:14     | Chiseanne: yeah right,,GIVE THAT POTION ..GIVE IT OR YOU
                  | GUNNA DIE
 15632 | D:14     | Chiseanne: idioteic game devs are ruining our gaming
                  | experience once again..FUCK YOU
 15987 | D:14     | Chiseanne: oh look! coincidently a two headed ogre comes
                  | along the way..RNG!!!!
 15987 | D:14     | Chiseanne: FUCK OFF
 16000 | D:14     | Killed a two-headed ogre
 16286 | D:14     | Noticed a death knight
 16289 | D:14     | Chiseanne: oh look! I just got split into half just wihtout
                  | a reason..FUCK OFF
 16514 | Orc:1    | Entered Level 1 of the Orcish Mines
 16577 | Orc:2    | Entered Level 2 of the Orcish Mines
 17025 | Orc:2    | Found a staircase to the Elven Halls.
 17121 | Elf:1    | Entered Level 1 of the Elven Halls
 17133 | Elf:1    | Reached XP level 13. HP: 18/113 MP: 14/14
 18765 | Orc:2    | Found Xeimmud's Antique Armour Shoppe.
 18765 | Orc:2    | Found Vulithy's Antique Armour Shoppe.
 18977 | Orc:2    | Found Konlon's General Store.
 18977 | Orc:2    | Found Jauler's Assorted Antiques.
 18987 | Orc:2    | Bought a scroll of identify for 60 gold pieces
 18987 | Orc:2    | Bought a scroll of fog for 120 gold pieces
 18997 | Orc:2    | Bought a scorched scale mail for 279 gold pieces
 18997 | Orc:2    | Identified the +5 scale mail "Tanual" {rElec rC++} (You
                  | bought it in a shop on level 2 of the Orcish Mines)
 18997 | Orc:2    | Bought a spiked ring mail for 279 gold pieces
 18997 | Orc:2    | Identified the +3 ring mail "Unatt" {Will+} (You bought it
                  | in a shop on level 2 of the Orcish Mines)
 19514 | Orc:1    | Paralysed by an orc sorcerer for 4 turns
 20195 | D:12     | Upgraded the game from 0.31-a0-1059-g83d41fd8b6 to
                  | 0.31-a0-1066-g35875b34c7
 20252 | Lair:1   | Entered Level 1 of the Lair of Beasts
 20751 | D:15     | Entered Level 15 of the Dungeon
 20853 | D:14     | Reached skill level 15 in Fighting
 22716 | D:14     | Reached XP level 14. HP: 103/123 MP: 9/15
 23343 | D:14     | Mangled by a phantasmal warrior

Illustrated notes

Levels and vault maps discovered:
D:1:      lemuel_arrival_room, layout_loops_ring, nicolae_houndstooth_variations
D:2:      layout_basic
D:3:      layout_loops_corners
D:4:      layout_rooms, mainiacjoe_overflow_small_starburst, minivault_14
D:5:      layout_loops_ring, amcnicky_altar_gilded, serial_shops,
          nicolae_shop_tiny_glass
D:6:      layout_basic, cheibrodos_sewer_entry_drain, serial_shops,
          nicolae_shop_bloodbath_and_beyond
D:7:      layout_loops_ring, mainiacjoe_overflow_divided_tiny,
          minmay_temple_entry_waves, serial_shops, shop, shop_statue
D:8:      layout_loops_corners, uniq_jeremiah, uniq_grum
D:9:      layout_irregular_city, nicolae_shop_i_like_small_books_too
D:10:     layout_loops_cross, grunt_temple_overflow_holy_war,
          lemuel_zombie_altar_kikubaaqudgha, lair_entry_dummy
D:11:     layout_cave_pools, serial_shops, nicolae_shop_tiny_real_fake_doors
D:12:     layout_basic, erik_orc_4, nicolae_fort_ynox, uniq_snorg
D:13:     layout_grid_maze, trove_entry_hex_spiral
D:14:     layout_loops_ring, david_vaults_2, nicolae_ru_awakened_eye,
          nicolae_kite_square_tiling_tiny, minmay_misc_feat_cross,
          nicolae_letterblocks [nicolae_letter_subblock,
          nicolae_letter_subblock, nicolae_letter_subblock,
          nicolae_letter_subblock, nicolae_letter_subblock,
          nicolae_letter_subblock, nicolae_letter_subblock,
          nicolae_letter_subblock, nicolae_letter_subblock,
          nicolae_letter_subblock, nicolae_letter_subblock,
          nicolae_letter_subblock, nicolae_letter_subblock,
          nicolae_letter_subblock, nicolae_letter_subblock,
          nicolae_letter_subblock, nicolae_letter_subblock,
          nicolae_letter_subblock, nicolae_letter_subblock,
          nicolae_letter_subblock, nicolae_letter_subblock,
          nicolae_letter_subblock, nicolae_letter_subblock,
          nicolae_letter_subblock, nicolae_letter_subblock]
D:15:     grunt_enter_depths_magical_seal, layout_small_grid,
          minmay_misc_feat_chi, minmay_hidden_floor
Lair:1:   layout_gridlike, uniq_joseph
Orc:1:    layout_diamond_mine
Orc:2:    st_orc_elflike, layout_caves
Elf:1:    eino_elf_arrival_shootout, layout_gridlike, minmay_elf_annihilation,
          minmay_shop_star

Skill      XL: |  1  2  3  4  5  6  7  8  9 10 11 12 13 |
---------------+----------------------------------------+-----
Fighting       | 3 4 5 6 7 8 9 10 11 12 14 15 | 15.5
Armour         | 1 3 4 6 8 9 11 12 | 12.7
Dodging        | 1 2 4 6 8 9 11 12 | 12.7
Long Blades    | |  4.5
Spellcasting   | |  1.0
Summonings     | |  2.0

Action                     |  1- 3 |  4- 6 |  7- 9 | 10-12 | 13-15 || total
---------------------------+-------+-------+-------+-------+-------++-------
  Melee: Falchion          |    42 |       |       |       |       ||    42
         Mace              |    43 |    96 |   214 |   551 |   234 ||  1138
         Kick              |     6 |    31 |    48 |       |       ||    85
         Punch             |       |       |     3 |    12 |     7 ||    22
         Spear             |       |       |       |       |   205 ||   205
  Throw: Dart              |       |       |       |    38 |    33 ||    71
 Invoke: Call Merchant     |       |       |     1 |       |     1 ||     2
  Evoke: Wand              |       |       |     1 |    11 |       ||    12
    Use: Scroll            |     6 |     6 |     5 |     3 |     2 ||    22
         Potion            |       |     2 |       |     5 |     3 ||    10
   Stab: Sleeping          |     1 |       |       |       |       ||     1
         Distracted        |       |     1 |       |     2 |     1 ||     4
 Armour: Leather armour    |    50 |     3 |       |       |       ||    53
         Ring mail         |       |    59 |     2 |       |       ||    61
         Scale mail        |       |       |    24 |       |   178 ||   202
         Chain mail        |       |       |    90 |   402 |    98 ||   590
  Dodge: Dodged            |    53 |    87 |   198 |   807 |   486 ||  1631

Table legend: (Time is in decaauts)
 A = Elapsed time spent in this place.
 B = Non-inter-level travel time spent in this place.
 C = Inter-level travel time spent in this place.
 D = Time resting spent in this place.
 E = Time spent auto-exploring this place.
 F = Levels seen in this place.
 G = Mean time per level.
                   A        B        C        D        E       F      G
               +--------+--------+--------+--------+--------+-----+--------+
         Total |  23886 |  22901 |    985 |   7393 |  10141 |  20 | 1194.3 |
       Dungeon |  19763 |  18846 |    917 |   5467 |   9185 |  15 | 1317.5 |
          Lair |      1 |      0 |      1 |      0 |      0 |   1 |    1.0 |
  Orcish Mines |   2431 |   2365 |     66 |    684 |    860 |   2 | 1215.5 |
   Elven Halls |   1357 |   1357 |      0 |   1145 |      0 |   1 | 1357.0 |
         Sewer |    332 |    332 |      0 |     96 |     96 |   1 |  332.0 |
               +--------+--------+--------+--------+--------+-----+--------+

Top non-repeatable levels by time:
    D:14: 3453 daAuts
    D:13: 2484 daAuts
   Orc:2: 1399 daAuts
    D:15: 1392 daAuts
   Elf:1: 1357 daAuts
     D:3: 1326 daAuts
     D:6: 1267 daAuts
    D:12: 1239 daAuts
     D:8: 1199 daAuts
    D:10: 1157 daAuts
   Orc:1: 1031 daAuts
     D:7: 1020 daAuts
     D:5: 985 daAuts
    D:11: 950 daAuts
     D:9: 919 daAuts
